 Dungeon Crawl Stone Soup version 0.30-a0-782-ge64f9170bb (webtiles) character file.

Game seed: 6642251098597401214

475 mopl the Magician (level 7, 0/41 HPs)
             Began as an Octopode Hedge Wizard on Mar 13, 2023.
             Slain by an adder (3 damage)
             ... while paralysed by Grinder
             ... on level 5 of the Dungeon.
             The game lasted 00:04:13 (3003 turns).

mopl the Magician (Octopode Hedge Wizard)           Turns: 3003, Time: 00:04:14

Health: 0/41       AC:  1    Str: 10    XL:     7   Next: 10%
Magic:  13/13      EV:  2    Int: 18    God:
Gold:   266        SH:  0    Dex: 17    Spells: 8/15 levels left

rFire   . . .      SeeInvis .    g - +2 whip (elec)
rCold   . . .      Faith    .    l - +0 buckler
rNeg    . . .      Spirit   .    b - +0 hat
rPois   .          Reflect  .    (no amulet)
rElec   .          Harm     .    f - ring of resist corrosion
rCorr   +          Rampage  .    o - +6 ring of dexterity
Will    .....                    t - +5 ring of evasion
Stlth   +++                      (no ring)
HPRegen 0.26/turn                (no ring)
MPRegen 0.13/turn                (no ring)
                                 (no ring)
                                 (no ring)

@: paralysed, lethally poisoned (0 -> -4)
A: almost no armour, amphibious, 8 rings, camouflage 1, gelatinous body 1,
(nimble swimmer 1), tentacles
a: no special abilities


You were on level 5 of the Dungeon.
You visited 1 branch of the dungeon, and saw 5 of its levels.

You collected 266 gold pieces.

Inventory:

Hand Weapons
 a - a +0 dagger
 g - a +2 whip of electrocution (weapon)
Missiles
 q - 3 boomerangs
Armour
 b - a +0 hat (worn)
 l - a +0 buckler (worn)
Jewellery
 f - a ring of resist corrosion (left tentacle)
 o - a +6 ring of dexterity (right tentacle)
 t - a +5 ring of evasion (on tentacle)
Scrolls
 i - a scroll of torment {unknown}
 k - a scroll of silence {unknown}
 m - 3 scrolls of identify {unknown}
 p - 2 scrolls of teleportation {unknown}
 s - a scroll of fog {unknown}
 u - a scroll of amnesia {unknown}
 x - a scroll of noise {unknown}
 y - a scroll of magic mapping {unknown}
 z - a scroll of enchant weapon {unknown}
Potions
 c - a potion of magic
 d - 2 potions of heal wounds {unknown}
 e - 2 potions of mutation {unknown}
 h - 4 potions of curing {unknown}
 j - 2 potions of haste {unknown}
 n - a potion of berserk rage {unknown}
 r - 3 potions of degeneration {unknown}
 v - a potion of brilliance {unknown}
 w - a potion of ambrosia {unknown}
 A - a potion of invisibility {unknown}


   Skills:
 - Level 2.0 Dodging
 - Level 2.6 Stealth
 + Level 3.1 Shields
 + Level 4.5 Spellcasting
 + Level 3.7 Conjurations
 - Level 1.0 Summonings
 + Level 3.3 Translocations


You had 8 spell levels left.
You knew the following spells:

 Your Spells              Type           Power      Damage    Failure   Level
a - Magic Dart            Conj           68%        1d6       4%          1
b - Iskenderun's Mystic   Conj/Tloc      16%        2d5       38%         4
e - Blink                 Tloc           32%        N/A       7%          2

Your spell library contained the following spells:

 Spells                   Type           Power      Damage    Failure   Level
 Momentum Strike          Conj/Tloc      32%        3d8       6%          2
 Lesser Beckoning         Tloc           32%        N/A       7%          2
 Slow                     Hex            16%        N/A       19%         1
 Call Imp                 Summ           7%         N/A       19%         2
 Cigotuvi's Dreadful Rot  Necr/Pois/Air  8%         N/A       28%         2
 Portal Projectile        Hex/Tloc       20%        N/A       28%         3
 Mephitic Cloud           Conj/Pois/Air  8%         N/A       32%         3
 Kindle Blastsparks       Fire/Tloc/Air  16%        2d11      34%         3
 Call Canine Familiar     Summ           7%         N/A       36%         3
 Frozen Ramparts          Ice            8%         1d2       50%         3
 Fulminant Prism          Conj/Hex       5%         3d6       63%         4
 Summon Ice Beast         Ice/Summ       5%         N/A       83%         4
 Dispel Undead            Necr           4%         3d7       88%         4
 Ice Form                 Ice/Tmut       4%         N/A       88%         4
 Leda's Liquefaction      Hex/Erth       2%         N/A       88%         4
 Lee's Rapid Deconstruct  Erth           2%         3d4*      99%         5
 Death Channel            Necr           2%         N/A       100%        6


Dungeon Overview and Level Annotations

Branches:
Dungeon (5/15)
 Temple: D:4-7

Altars:
Qazlal
Yredelemnul

Annotations:
D:2 1 runed translucent door, Crazy Yiuf
D:4 Pikel
D:5 Grinder


Innate Abilities, Weirdness & Mutations

You cannot wear most types of armour.
You are amphibious.
You can wear up to eight rings at the same time.
Your skin changes colour to match your surroundings (Stealth+).
Your rubbery body absorbs attacks. (AC +1, EV +1)
((You are camouflaged when in or above water. (Stealth+)))
You have tentacles for arms and can constrict up to eight enemies at once.


Message History

You hit the necrophage.
Lightning courses through the necrophage!!
You destroy the necrophage!
Your Shields skill increases to level 3!
You have reached level 7!
An orc comes into view. It is wielding a +0 morningstar.
Grinder comes into view.
Found a club.
You see here a wand of digging (3).
The magic dart hits the orc.
The orc is severely wounded.
The orc shouts!
Grinder shouts!
You hear an angry hiss.
Grinder gestures at you.
You suddenly lose the ability to move!
An adder comes into view.
Grinder grins, showing sharp teeth.
A scorpion comes into view.
An orc priest comes into view. It is wielding a +0 short sword.
The orc hits you with a +0 morningstar!
Grinder says, "Don't move a muscle."
You can move again.
The orc attacks as you move away! The orc hits you with a +0 morningstar!
Grinder says, "What is the universe for?"
The orc attacks as you move away! The orc barely misses you.
Grinder blinks!
Grinder gestures at you.
You suddenly lose the ability to move!
The orc hits you with a +0 morningstar! The adder bites you.
The orc hits you with a +0 morningstar. The adder bites you.
* * * LOW HITPOINT WARNING * * *
You are poisoned.
The adder poisons you!
You feel sick. The orc hits you with a +0 morningstar.
* * * LOW HITPOINT WARNING * * *
The adder bites you.
* * * LOW HITPOINT WARNING * * *
You are lethally poisoned!
The adder poisons you!
* * * LOW HITPOINT WARNING * * *
You feel sick. The adder bites you.
You die...

....### o.... ...).####.
...... ##........ ).....
...##..################.....#
.#####.......[..............#
#####......##....5..##.s.##
...................../<...#
##.........######.........#
......####......@o...........
...........######S.......####
..########## #.†......# #>.
######.#.# ... .#.# ##.. .#.#
## ##


You could see Grinder, a scorpion (wandering), an adder and an orc.

Vanquished Creatures
  Sigmund (D:2)
  An ogre (D:5)
  A lemure (D:4)
  A necrophage (D:5)
  Jessica (D:2)
  Terence (D:2)
  3 gnolls (D:3)
  An adder (D:2)
  3 worms
  2 dart slugs (D:3)
  2 orcs
  5 ball pythons
  5 bats
  5 endoplasms
  4 giant cockroaches
  4 goblins
  2 hobgoblins (D:1)
  12 jackals
  5 quokkas
  2 frilled lizards (D:1)
  6 kobolds
  A rat (D:3)
68 creatures vanquished.

Notes
Turn   | Place    | Note
-------+----------+-------------------------------------------
     0 | D:1      | mopl the Octopode Hedge Wizard began the quest for the Orb.
     0 | D:1      | Reached XP level 1. HP: 11/11 MP: 4/4
   124 | D:1      | Reached XP level 2. HP: 13/17 MP: 6/6
   340 | D:1      | Learned a level 2 spell: Blink
   394 | D:1      | Reached XP level 3. HP: 21/21 MP: 7/7
   568 | D:1      | Found a faded altar of an unknown god.
   832 | D:2      | Noticed Jessica
   837 | D:2      | Killed Jessica
   838 | D:2      | Reached skill level 2 in Conjurations
   838 | D:2      | Reached skill level 2 in Translocations
   838 | D:2      | Reached XP level 4. HP: 20/27 MP: 7/9
   891 | D:2      | Noticed Terence
   894 | D:2      | Killed Terence
   895 | D:2      | Reached skill level 1 in Shields
   928 | D:2      | Noticed Sigmund
  1109 | D:2      | HP: 1/27 [Sigmund/+0 scythe (12)]
  1111 | D:2      | Killed Sigmund
  1112 | D:2      | Reached skill level 2 in Shields
  1112 | D:2      | Reached skill level 4 in Spellcasting
  1112 | D:2      | Reached skill level 3 in Conjurations
  1112 | D:2      | Reached skill level 3 in Translocations
  1112 | D:2      | Reached XP level 5. HP: 2/31 MP: 9/11
  1112 | D:2      | Reached XP level 6. HP: 2/36 MP: 9/12
  1500 | D:2      | Found a runed translucent door.
  1501 | D:2      | Noticed Crazy Yiuf
  2060 | D:3      | Learned a level 4 spell: Iskenderun's Mystic Blast
  2777 | D:4      | Noticed Pikel
  2816 | D:4      | Noticed a black bear
  2848 | D:5      | Entered Level 5 of the Dungeon
  2888 | D:5      | Found a stormy altar of Qazlal.
  2888 | D:5      | Found a basalt altar of Yredelemnul.
  2986 | D:5      | Reached skill level 3 in Shields
  2986 | D:5      | Reached XP level 7. HP: 41/41 MP: 13/13
  2989 | D:5      | Noticed Grinder
  2990 | D:5      | Paralysed by Grinder for 5 turns
  2999 | D:5      | Paralysed by Grinder for 5 turns
  3003 | D:5      | Slain by an adder

Illustrated notes

Levels and vault maps discovered:
D:1:      mainiacjoe_arrival_reflecting_pool, layout_loops_ring,
          chequers_ecumenical_altar_grove
D:2:      layout_loops_ring, uniq_jessica, uniq_terence,
          uniq_crazy_yiuf_cottage, uniq_sigmund
D:3:      layout_basic, moated_statue, minivault_14
D:4:      layout_basic, fiery_altar_vehumet, uniq_pikel
D:5:      layout_rooms, mainiacjoe_overflow_divided_tiny, uniq_grinder

Skill      XL: |  1  2  3  4  5  6 |
---------------+-------------------+-----
Conjurations   | 2 3 |  3.7
Translocations | 2 3 |  3.3
Shields        | 2 3 |  3.1
Spellcasting   | 4 |  4.5
Dodging        | |  2.0
Stealth        | |  2.6
Summonings     | |  1.0

Action                     |  1- 3 |  4- 6 |  7- 9 || total
---------------------------+-------+-------+-------++-------
  Melee: Dagger            |    15 |       |       ||    15
         Constrict         |    10 |    22 |       ||    32
         Tentacles         |     7 |    17 |       ||    24
         Whip              |    34 |    80 |       ||   114
         Punch             |       |     1 |       ||     1
   Cast: Magic Dart        |    12 |    31 |     1 ||    44
   Stab: Sleeping          |     8 |     9 |       ||    17
 Armour: Skin              |     3 |     5 |       ||     8
  Dodge: Dodged            |    36 |    36 |     1 ||    73
  Block: Buckler           |     2 |    10 |       ||    12

Table legend: (Time is in decaauts)
 A = Elapsed time spent in this place.
 B = Non-inter-level travel time spent in this place.
 C = Inter-level travel time spent in this place.
 D = Time resting spent in this place.
 E = Time spent auto-exploring this place.
 F = Levels seen in this place.
 G = Mean time per level.
                   A        B        C        D        E       F      G
               +--------+--------+--------+--------+--------+-----+--------+
         Total |   3015 |   2943 |     72 |    441 |   1933 |   5 |  603.0 |
       Dungeon |   3015 |   2943 |     72 |    441 |   1933 |   5 |  603.0 |
               +--------+--------+--------+--------+--------+-----+--------+

Top non-repeatable levels by time:
     D:2: 1068 daAuts
     D:3: 914 daAuts
     D:1: 728 daAuts
     D:5: 156 daAuts
     D:4: 148 daAuts
